 Dungeon Crawl Stone Soup version 0.24-a0-582-g4d4af813a0 (webtiles) character file.

Game seed: 8413596061228345224

2209 Mithandil the Blocker (level 9, -12/78 HPs)
             Began as a Minotaur Fighter on Aug 27, 2019.
             Was an Initiate of the Shining One.
             Mangled by an ogre
             ... wielding a +0 giant spiked club
              (14 damage)
             ... on level 7 of the Dungeon.
             The game lasted 00:29:43 (6835 turns).

Mithandil the Blocker (Minotaur Fighter)            Turns: 6835, Time: 00:29:44

Health: -12/78     AC: 17    Str: 24    XL:     9   Next: 13%
Magic:  17/17      EV:  7    Int:  5    God:    the Shining One [......]
Gold:   471        SH: 11    Dex: 10    Spells: 8/8 levels left

rFire    . . .     SeeInvis .   D - +0 spear "Yghoil" {pierce, rPois}
rCold    . . .     Gourm    .   c - +0 shield
rNeg     . . .     Faith    .   l - +0 plate armour
rPois    +         Spirit   .   G - +2 hat
rElec    .         Reflect  .   (no cloak)
rCorr    +         Harm     .   j - +0 pair of gloves
MR       .....                  u - +0 pair of boots
Stlth    ..........             (no amulet)
HPRegen  0.23/turn              p - ring of resist corrosion
MPRegen  0.15/turn              F - ring of magical power

@: lethally poisoned (-12 -> -15), glowing
A: retaliatory headbutt, horns 2
a: Renounce Religion


You were on level 7 of the Dungeon.
You worshipped the Shining One.
The Shining One was noncommittal.
You were not hungry.

You visited 2 branches of the dungeon, and saw 9 of its levels.
You also visited: Sewer.

You collected 471 gold pieces.

Inventory:

Hand Weapons
 a - a +1 long sword
 b - a +0 trident
 i - a +0 hunting sling
 w - a +0 hand axe
 D - the +0 spear "Yghoil" (weapon) {pierce, rPois}
   (You found it on level 8 of the Dungeon)

   It inflicts extra damage upon your enemies.
   It protects you from poison.
Missiles
 m - 57 bolts
 q - 56 sling bullets
 y - 4 boomerangs (quivered)
 C - 4 poisoned darts
Armour
 c - a +0 shield (worn)
 j - a +0 pair of gloves (worn)
 l - a +0 plate armour (worn)
 u - a +0 pair of boots (worn)
 G - a +2 hat (worn)
Magical Staves
 t - an uncursed staff of energy
 z - an uncursed staff of air
Jewellery
 p - a ring of resist corrosion (left hand)
 F - a ring of magical power (right hand)
Wands
 r - a wand of paralysis (11)
Scrolls
 e - a scroll of enchant armour
 o - 3 scrolls of amnesia
 v - 6 scrolls of remove curse
 x - 2 scrolls of fear
 B - 2 scrolls of enchant weapon
 E - a scroll of blinking
Potions
 d - a potion of might
 g - 2 potions of flight
 k - 6 potions of curing
 s - 3 potions of heal wounds
 A - 3 potions of haste
Comestibles
 f - 11 rations
 n - a chunk of flesh


   Skills:
 + Level 6.5 Fighting
 * Level 8.1 Long Blades
 + Level 6.5 Armour
 + Level 4.8 Dodging
 * Level 8.6 Shields


You had 8 spell levels left.
You didn't know any spells.
Your spell library contained the following spells:

 Spells                   Type           Power        Failure   Level  Hunger
 Corpse Rot               Necr           N/A          100%        2    ###....


Dungeon Overview and Level Annotations

Branches:
Dungeon (8/15)             Temple (1/1) D:6           Sewer (visited)
   Lair: D:8-11

Altars:
Ashenzari
Cheibriados
Dithmenos
Elyvilon
Fedhas
Gozag
Hepliaklqana
Nemelex Xobeh
Okawaru
Qazlal
Sif Muna
Trog
Uskayaw
Vehumet
Wu Jian
Xom
Yredelemnul
The Shining One

Shops:
D:4 *


Innate Abilities, Weirdness & Mutations

You reflexively headbutt those who attack you in melee.
You have a pair of horns on your head.


Message History

The ogre is severely wounded.
You feel sick. The killer bee stings you!
* * * LOW HITPOINT WARNING * * *
You block the killer bee's attack.
The killer bee stings you but does no damage.
The ogre hits you with a +0 giant spiked club.
* * * LOW HITPOINT WARNING * * *
The killer bee closely misses you. You block the killer bee's attack.
The killer bee stings you.
* * * LOW HITPOINT WARNING * * *
You hit the ogre.
The ogre is almost dead.
You feel sick.
The killer bee stings you but does no damage.
You block the killer bee's attack. The killer bee stings you!
* * * LOW HITPOINT WARNING * * *
You block the killer bee's attack.
The killer bee stings you but does no damage. x2
The ogre hits you with a +0 giant spiked club!
You die...

....#.. ♣. # .....# . #.#
# ....# .#..# # ....#
##.#.# # ....# ....# #
##..# #.#.# .#..#
#...####.# .#..#
######.yO....# .#..#
......y@# )#..# ..####y.#
...###..# #....###### #
>......# #..##...##.# #
...#######...###.#....###
##
........................#
##. ........
#...##..#.############..
....####
###....................#
#......#
#.###.#....#..........


You could see an ogre and 3 killer bees.

Vanquished Creatures
  A spriggan (D:7)
  An ice beast (D:7)
  An orc warrior (D:7)
  4 phantoms (D:4)
  An ogre (D:5)
  A sky beast (D:6)
  4 bullfrogs
  2 big kobolds
  A scorpion (D:6)
  A killer bee (D:7)
  A wight (D:7)
  A howler monkey (D:5)
  2 crimson imps
  2 hounds (D:7)
  2 orc priests
  4 orc wizards
  Jessica (D:2)
  An iguana (D:3)
  6 worker ants
  A hound skeleton (D:6)
  A howler monkey skeleton (D:5)
  12 adders
  3 river rats (D:5)
  An adder skeleton (D:4)
  3 dart slugs
  8 leopard geckos
  11 orcs
  4 ball pythons
  12 bats
  5 giant cockroaches
  6 goblins
  7 hobgoblins
  7 jackals
  4 quokkas
  8 frilled lizards
  A jackal zombie (D:6)
  23 kobolds
  A quokka skeleton (D:4)
  8 rats
163 creatures vanquished.

Notes
Turn   | Place    | Note
-------+----------+-------------------------------------------
     0 | D:1      | Mithandil the Minotaur Fighter began the quest for the Orb.
     0 | D:1      | Reached XP level 1. HP: 19/19 MP: 0/0
    46 | D:2      | Reached XP level 2. HP: 9/27 MP: 1/1
   306 | D:3      | Reached XP level 3. HP: 30/33 MP: 2/2
   350 | D:3      | Reached skill level 1 in Dodging
  1019 | D:1      | Reached XP level 4. HP: 40/40 MP: 3/3
  1278 | D:2      | Noticed Jessica
  1282 | D:2      | Killed Jessica
  1285 | D:2      | Identified Jessica's Grimoire of Necromancy
  1591 | D:2      | Reached XP level 5. HP: 46/46 MP: 4/4
  1676 | D:2      | Found an ornate altar of the Wu Jian Council.
  1901 | D:3      | Reached skill level 5 in Shields
  2157 | D:4      | Noticed a phantom
  2703 | D:4      | Noticed a phantom
  2775 | D:4      | Killed a phantom
  2775 | D:4      | Reached XP level 6. HP: 29/53 MP: 5/5
  3058 | D:4      | Found Ehucvoq's Assorted Antiques.
  3134 | D:4      | Reached skill level 5 in Long Blades
  3134 | D:4      | Reached XP level 7. HP: 60/60 MP: 6/6
  3311 | D:4      | Reached skill level 5 in Fighting
  3311 | D:4      | Reached skill level 5 in Armour
  3322 | D:5      | Entered Level 5 of the Dungeon
  3503 | D:5      | Found a hide-covered altar of Uskayaw.
  3581 | D:5      | Found a basalt altar of Yredelemnul.
  3630 | D:5      | Found a glowing drain.
  3664 | Sewer    | Entered a sewer
  3886 | Sewer    | Found a white marble altar of Elyvilon.
  4741 | D:5      | Reached XP level 8. HP: 69/69 MP: 7/7
  5032 | D:7      | Found a faded altar of an unknown god.
  5032 | D:7      | Found a radiant altar of Vehumet.
  5228 | D:6      | Found a staircase to the Ecumenical Temple.
  5239 | Temple   | Entered the Ecumenical Temple
  6402 | D:7      | Found a stormy altar of Qazlal.
  6404 | D:7      | Found a faded altar of an unknown god.
  6405 | D:7      | Found a snail-covered altar of Cheibriados.
  6497 | D:7      | Reached XP level 9. HP: 70/78 MP: 8/8
  6540 | D:7      | Found a glowing golden altar of the Shining One.
  6561 | D:7      | Became a worshipper of the Shining One
  6621 | D:8      | Got a crystal spear
  6731 | D:7      | Identified the +0 spear "Yghoil" {pierce, rPois} (You found
                  | it on level 8 of the Dungeon)
  6835 | D:7      | HP: 2/78 [killer bee (7)]
  6835 | D:7      | Mangled by an ogre

Levels and vault maps discovered:
D:1:      lemuel_arrival_river_ford, layout_basic, st_stairs_1,
          minmay_misc_feat_more_columns, hangedman_decor_push,
          nrook_loot_triangle, minmay_crystal_room, serial_bayou_pond_e
D:2:      layout_rooms, lemuel_coloured_pillars_altar, first_ration,
          eino_tiny_chamber, kennysheep_jessica_study
D:3:      layout_loops_ring, minmay_liquid_box, nrook_campfire
D:4:      layout_basic, serial_shops, nicolae_shop_overgrown_old_shop,
          minivault_25
D:5:      layout_cave_pods, lemuel_round_altar, marbit_many_paths,
          portal_sewer_entry_b
D:6:      layout_basic, minmay_temple_entry_gardened_gates
D:7:      layout_rooms, nicolae_ru_awakened_eye, nicolae_tso_carved_into_rock,
          chequers_temple_overflow_minitemple, the_bakery,
          uniq_crazy_yiuf_cottage
D:8:      layout_loops_corners
Temple:   minmay_temple_curvy_loop

Skill      XL: |  1  2  3  4  5  6  7  8  9 |
---------------+----------------------------+-----
Shields        | 4 5 6 7 8 |  8.6
Long Blades    | 3 4 5 6 7 8 |  8.1
Dodging        | 1 2 3 4 |  4.8
Fighting       | 4 5 6 |  6.5
Armour         | 4 5 6 |  6.5

Action                   |  1- 3 |  4- 6 |  7- 9 || total
-------------------------+-------+-------+-------++-------
Melee: Long sword        |    83 |   156 |   250 ||   489
       Headbutt          |    17 |    22 |    47 ||    86
       Spear             |       |       |    13 ||    13
  Use: Scroll            |     5 |     3 |     9 ||    17
       Potion            |     1 |     5 |     3 ||     9
  Eat: Chunk             |     1 |     6 |     9 ||    16
       Ration            |       |       |     1 ||     1
Armor: Scale mail        |    37 |    68 |    56 ||   161
       Chain mail        |       |       |    47 ||    47
       Plate armour      |       |       |    47 ||    47
Dodge: Dodged            |    25 |    58 |    92 ||   175
Block: Shield            |    40 |    92 |   175 ||   307
       Rpst.: Long sword |     5 |    13 |    15 ||    33

Table legend:
 A = Non-vault XP
 B = Vault XP
 C = Vault XP percentage of total XP
 D = Non-vault monster count
 E = Vault monster count
 F = Vault count percentage of total count
                 A         B        C        D         E       F
            +---------+---------+-------+---------+---------+-------
      Total |    2745 |     411 |  13.0 |     141 |      22 |  13.5
            +---------+---------+-------+---------+---------+-------
        D:1 |      45 |       5 |  10.0 |      27 |       3 |  10.0
        D:2 |     116 |      39 |  25.2 |      24 |       2 |   7.7
        D:3 |     110 |       0 |   0.0 |      27 |       0 |   0.0
        D:4 |     556 |       0 |   0.0 |      12 |       0 |   0.0
        D:5 |     431 |      57 |  11.7 |      15 |       8 |  34.8
        D:6 |     460 |       0 |   0.0 |       9 |       0 |   0.0
        D:7 |    1023 |     205 |  16.7 |      25 |       1 |   3.8
        D:8 |       4 |       0 |   0.0 |       2 |       0 |   0.0
      Sewer |       0 |     105 | 100.0 |       0 |       8 | 100.0
            +---------+---------+-------+---------+---------+-------
